AoeStats
← arenaclown

Arena

510364107Analyzed
2v2 RM · 16h ago on Sep 30, 2026· 34m 12s· 4 players
Game mode
Random Map
Map size
Medium (4 player)
Population
200
Speed
Normal
Resources
Standard
Victory
Conquest
Starting age
Dark Age
Ending age
Imperial Age
RankedLock teamsTeams togetherTeam positionsShared explorationLock speedFull tech treeHidden civsTurbo modeCheats
Victory
Defeat
🇩🇪 Khmer · Germany
1452
+15
🇺🇸 Mongols · United States
1412
+16
🇩🇪 Portuguese · Germany
1465
-18
🇦🇷 Wei · Argentina
1372
-13
arenaclown
9:35 Feudal Age
13:09 Castle Age
11:40 Double-Bit Axe
11:58 Horse Collar
14:23 Bow Saw
18:20 Loom
20:20 Wheelbarrow
21:46 Heavy Plow
22:50 Gold Mining
23:29 Hand Cart
24:57 Nomads
28:27 Imperial Age
25:57 Fletching
26:33 Bodkin Arrow
26:58 Padded Archer Armor
28:16 Leather Archer Armor
29:03 Scale Barding Armor
30:24 Chemistry
29:28 Bracer
29:53 Bloodlines
29:45 Husbandry
31:00 Chain Barding Armor
31:39 Ballistics
32:03 Forging
32:26 Drill
33:41 Conscription
33:14 Town Watch
33:05 Elite Steppe Lancer
33:29 Elite Mangudai
34:49 Iron Casting
I_hate_arabia
9:47 Feudal Age
13:00 Castle Age
11:10 Double-Bit Axe
12:37 Horse Collar
13:54 Heavy Plow
14:51 Bow Saw
19:52 Loom
23:17 Town Watch
25:18 Wheelbarrow
27:35 Imperial Age
25:40 Bloodlines
26:34 Scale Barding Armor
26:40 Forging
26:34 Husbandry
26:51 Gold Mining
27:51 Chain Barding Armor
28:11 Hand Cart
29:15 Crop Rotation
29:33 Conscription
30:36 Plate Barding Armor
30:28 Devotion
32:04 Iron Casting
31:06 Light Cavalry
31:52 Fletching
32:48 Tusk Swords
32:19 Elite Battle Elephant
German3333
10:24 Feudal Age
14:48 Castle Age
12:50 Double-Bit Axe
13:12 Horse Collar
14:44 Wheelbarrow
15:50 Bow Saw
20:01 Fervor
22:42 Heavy Plow
23:20 Gold Mining
23:23 Stone Mining
23:53 Scale Barding Armor
23:59 Forging
23:57 Loom
23:57 Town Watch
25:31 Gold Shaft Mining
26:11 Hand Cart
26:42 Stone Shaft Mining
26:46 Chain Barding Armor
30:08 Imperial Age
28:24 Tuntian
28:39 Bloodlines
28:29 Husbandry
29:23 Iron Casting
30:26 Masonry
31:52 Chemistry
31:54 Blast Furnace
31:20 Ming Guang Armor
32:25 Conscription
34:01 Town Patrol
j0ker
10:27 Feudal Age
10:32 Loom
14:32 Castle Age
12:20 Double-Bit Axe
14:16 Horse Collar
15:30 Bow Saw
25:43 Imperial Age
26:15 Sanctity
26:07 Gold Mining
27:26 Chemistry
26:59 Block Printing
28:51 Horse Collar
Connection lost

Rejoining the realm…

Still unreachable

The connection could not be restored.

Session expired

The server has moved on; the page needs a fresh start.